 Dungeon Crawl Stone Soup version 0.13.0-29-gdb529de (webtiles) character file.

30403 KilgoreWolfe the Basher (level 13, -3/77 HPs)
             Began as a Gargoyle Berserker on Nov 15, 2013.
             Was the Champion of Trog.
             Slain by a naga warrior
             ... wielding a +0,+0 flail of protection
              (20 damage)
             ... on Level 1 of the Snake Pit.
             The game lasted 02:29:44 (17931 turns).

KilgoreWolfe the Basher (Gargoyle Berserker)       Turns: 17931, Time: 02:29:46

HP  -3/77        AC 31     Str 28      XL: 13   Next: 44%
MP  12/12        EV 11     Int 10      God: Trog [******]
Gold 1080        SH 12     Dex 16      Spells:  0 memorised, 12 levels left

Res.Fire  : . . .   See Invis. : .   G - +3,+4 dwarf mace
Res.Cold  : + . .   Warding    : .   q - +1 chain mail {MR+}
Life Prot.: + . .   Conserve   : .   y - +1 buckler of Fraas {Str+3 Dex+2}
Res.Poison: +       Res.Corr.  : .   a - +0 horned helmet
Res.Elec. : +       Clarity    : .   K - +0 cloak
Sust.Abil.: + .     Spirit.Shd : .   A - +0 pair of gloves of the Cicada {Dex+5 Int+1}
Res.Mut.  : .       Stasis     : .   Z - +0 pair of boots
Res.Rott. : +       Flight     : .   (no amulet)
Saprovore : . . .                    D - ring of sustain abilities
                                     j - +4 ring of protection

@: exhausted, slowed, constricted, very slow, quite resistant to hostile
enchantments, extremely unstealthy
A: fangs 1, talons 2, cold resistance 1, life protection 1, electricity
resistance, slow metabolism 1, unbreathing, petrification resistance, AC +9
a: Burn Spellbooks, Berserk, Trog's Hand, Brothers in Arms, Renounce Religion


You were on level 1 of the Snake Pit.
You worshipped Trog.
Trog was exalted by your worship.
You were very hungry.

You visited 4 branches of the dungeon, and saw 19 of its levels.

You collected 1060 gold pieces.

Inventory:

Hand weapons
 F - a +0,+3 orcish mace
 G - a +3,+4 dwarven mace (weapon)
 Y - the +8,+8 great mace of Cloen {crush, *Tele +Fly rC+}
   (Trog gifted it to you on level 10 of the Dungeon)

   It inflicts extra damage upon your enemies.
   It protects you from cold.
   It lets you fly.
   It causes teleportation.
Missiles
 b - 96 darts (quivered)
 g - 23 silver darts
 E - 16 darts of frost
 H - 19 exploding darts
 U - 6 poisoned darts
Armour
 a - a +0 horned helmet (worn)
 q - a +1 chain mail of magic resistance (worn)
 y - the +1 buckler of Fraas (worn) {Str+3 Dex+2}
   (You found it on level 3 of the Lair of Beasts)

   It affects your strength (+3).
   It affects your dexterity (+2).
 A - the +0 pair of gloves of the Cicada (worn) {Dex+5 Int+1}
   (You found it on level 4 of the Dungeon)

   It affects your intelligence (+1).
   It affects your dexterity (+5).
 K - a +0 cloak (worn)
 Z - a +0 pair of boots (worn)
Magical devices
 h - a wand of disintegration (13)
 u - a wand of teleportation (5)
 w - a wand of flame (10) {unknown}
 I - a wand of disintegration (10)
 L - a wand of draining (5)
Comestibles
 c - 7 bread rations
 l - a pear
 t - 4 meat rations
 z - a royal jelly
Scrolls
 f - 4 scrolls of fear
 i - 7 scrolls of identify
 m - 2 scrolls of fog
 p - 2 scrolls of remove curse
 s - 5 scrolls of teleportation
 v - a scroll of enchant weapon II
 x - a scroll of enchant armour
 N - 2 scrolls of blinking
 S - 2 scrolls of recharging
Jewellery
 j - a +4 ring of protection (left hand)
 o - an uncursed ring of teleport control
 D - a ring of sustain abilities (right hand)
Potions
 d - 2 potions of heal wounds
 e - a potion of agility
 k - 6 potions of curing
 n - 3 potions of invisibility
 r - a potion of confusion {unknown}
 C - a potion of flight
 M - a potion of restore abilities
 O - 2 potions of might
 X - a potion of magic
Books
 T - a book of Cantrips

   Spells                             Type                      Level
   Confusing Touch                    Hexes                        1
   Animate Skeleton                   Necromancy                   1
   Summon Small Mammal                Summoning                    1
   Apportation                        Translocation                1
   Trog disapproves of the use of such an item.
Miscellaneous
 Q - a plain deck of changes {Water}


   Skills:
 + Level 8.5 Fighting
 * Level 13.7 Maces & Flails
   Level 9.3 Staves
 * Level 7.7 Throwing
 + Level 9.1 Armour
 + Level 8.8 Dodging
 + Level 5.0 Stealth
 + Level 4.5 Shields
 - Level 0.4 Evocations


You had 12 spell levels left.
You didn't know any spells.

Dungeon Overview and Level Annotations

Branches:
Dungeon (14/27)            Temple (1/1) D:5             Orc (0/4) D:10
   Lair (3/8) D:10         Shoals (0/5) Lair:3        Snake (1/5) Lair:3

Altars:
Ashenzari
Elyvilon
Fedhas
Kikubaaqudgha
Makhleb
Okawaru
Sif Muna
Trog
Xom
Yredelemnul
Zin
Beogh

Annotations:
D:3 Esberlond's ghost, average DrAK


Innate Abilities, Weirdness & Mutations

You are resistant to torment.
You are immune to poison.
Your stone body is very resilient (AC +9).
You have very sharp teeth.
You have razor-sharp toenails.
You resist negative energy.
You are resistant to electric shocks.
You have a slow metabolism.
You can survive without breathing.
You are immune to petrification.
Your flesh is cold resistant.


Message History

The naga warrior hits you with a runed flail.
The naga warrior constricts you.
You hit the naga warrior.
The naga warrior is severely wounded.
The naga unwields an uncursed battleaxe.
The naga drops an uncursed battleaxe.
The naga picks up a glowing broad axe.
The naga wields a glowing broad axe.
It begins to drip with poison!
You hit the naga warrior but do no damage.
The naga warrior is severely wounded.
The naga warrior hits you with a runed flail.
* * * LOW HITPOINT WARNING * * *
The naga warrior constricts you! The naga hits you but does no damage.
You hit the naga warrior.
The naga warrior is severely wounded.
The naga warrior spits poison at you. The splash of poison hits you!
You resist.
* * * LOW HITPOINT WARNING * * *
The naga warrior constricts you. The naga hits you but does no damage.
The naga warrior hits you with a runed flail!
You die...

# #.
#. #..
#.#
#)###
#@N#
##N..#
...#
...#
##.#
.. #.


You could see a naga warrior and a naga.

Vanquished Creatures
  4 hydras
  An unseen horror (D:13)
  Erolcha (D:8)
  The ghost of BoredOne the Grave Robber, an experienced DDNe (D:5)
  Joseph (D:8)
  2 hill giants
  2 cyclopes (D:11)
  A black mamba (Lair:2)
  8 slime creatures
  3 spiny frogs
  2 yaktaurs
  A fire drake (Lair:2)
  2 two-headed ogres
  2 komodo dragons
  2 trolls
  A basilisk (Lair:2)
  3 blink frogs (Lair:1)
  2 wraiths
  4 ugly things
  A trapdoor spider (D:12)
  A wyvern (D:13)
  30 yaks
  5 hippogriffs
  Eustachio (D:5)
  6 vampire mosquitoes
  3 hungry ghosts
  A hill giant skeleton (D:12)
  2 manticores
  Edmund (D:6)
  Menkaure (D:6)
  A mottled dragon (D:12)
  2 porcupines (Lair:1)
  8 nagas
  5 phantoms
  2 sky beasts
  A yellow wasp (D:10)
  3 black bears
  7 centaurs
  6 ogres
  5 water moccasins
  9 orc warriors
  Sigmund (D:6)
  Duvessa (D:6)
  A giant slug (Lair:2)
  A brain worm (D:12)
  3 agate snails
  2 big kobolds
  A cyclops zombie (D:10)
  16 giant frogs
  2 yak zombies
  A troll skeleton (D:10)
  2 eyes of draining
  6 wights (D:8)
  3 jellies
  11 killer bees
  2 goliath beetles
  6 crimson imps
  Dowan (D:6)
  7 orc priests
  A two-headed ogre zombie (D:9)
  5 iguanas
  A giant frog skeleton (D:5)
  2 hounds
  6 orc wizards
  2 quasits
  A scorpion (D:8)
  A black bear skeleton (D:8)
  9 worker ants
  A big kobold skeleton (D:10)
  Ijyb (D:6)
  An ogre zombie (D:7)
  2 mottled dragon skeletons
  11 adders
  3 gnolls (D:9)
  7 green rats (Lair:3)
  2 giant centipedes
  3 giant mites
  A shadow imp (D:5)
  4 worms
  An adder zombie (D:4)
  2 adder skeletons
  2 giant eyeballs
  12 giant geckos
  54 orcs
  A ball python (D:2)
  7 giant cockroaches
  8 goblins
  14 hobgoblins
  19 kobolds
  A ball python zombie (D:4)
  18 bats
  2 giant gecko zombies
  A giant spore (D:10)
  A goblin skeleton (D:4)
  A goblin zombie (D:4)
  A hobgoblin zombie (D:4)
  16 jackals
  A jackal zombie (D:4)
  A kobold zombie (D:8)
  2 orc zombies
  17 quokkas
  15 rats
  3 ballistomycetes
  A plant (Lair:2)
476 creatures vanquished.

Vanquished Creatures (collateral kills)
  2 unseen horrors
2 creatures vanquished.

Vanquished Creatures (others)
  A troll (D:13)
  A giant spore (D:6)
  A fungus (Lair:3)
3 creatures vanquished.

Grand Total: 481 creatures vanquished

Notes
Turn   | Place    | Note
--------------------------------------------------------------
     0 | D:1      | KilgoreWolfe, the Gargoyle Berserker, began the quest for the Orb.
     0 | D:1      | Reached XP level 1. HP: 14/14 MP: 0/0
   130 | D:1      | Reached XP level 2. HP: 19/19 MP: 1/1
   911 | D:2      | Reached XP level 3. HP: 22/24 MP: 2/2
  1142 | D:2      | Acquired Trog's second power
  1198 | D:2      | Reached skill level 4 in Maces & Flails
  1527 | D:3      | Noticed Esberlond's ghost (average DrAK)
  1639 | D:4      | Reached XP level 4. HP: 26/28 MP: 3/3
  1656 | D:4      | Noticed an ogre
  1666 | D:4      | Killed an ogre
  1666 | D:4      | Reached skill level 1 in Stealth
  1666 | D:4      | Reached XP level 5. HP: 29/33 MP: 4/4
  1970 | D:4      | Reached skill level 5 in Maces & Flails
  1993 | D:4      | Got a pair of encrusted gloves
  1996 | D:4      | Identified the +0 pair of gloves of the Cicada {Dex+5 Int+1} (You found it on level 4 of the Dungeon)
  2092 | D:4      | Found a blossoming altar of Fedhas.
  2349 | D:5      | Entered Level 5 of the Dungeon
  2371 | D:5      | Reached XP level 6. HP: 39/39 MP: 5/5
  2432 | D:5      | Found a staircase to the Ecumenical Temple.
  2452 | D:5      | Noticed BoredOne's ghost (experienced DDNe)
  2463 | D:5      | Killed BoredOne's ghost
  2463 | D:5      | Reached skill level 6 in Maces & Flails
  2463 | D:5      | Reached XP level 7. HP: 44/44 MP: 6/6
  2475 | Temple   | Entered the Ecumenical Temple
  2486 | Temple   | Gained mutation: Your flesh is cold resistant. [potion of beneficial mutation]
  2552 | D:5      | Noticed Eustachio
  2590 | D:5      | Killed Eustachio
  2590 | D:5      | Reached skill level 5 in Fighting
  2590 | D:5      | Reached skill level 7 in Maces & Flails
  2590 | D:5      | Reached XP level 8. HP: 49/49 MP: 7/7
  2597 | D:5      | Paralysed by a giant eyeball for 2 turns
  2604 | D:5      | Paralysed by a giant eyeball for 4 turns
  2818 | D:5      | Noticed an ogre
  2828 | D:5      | Killed an ogre
  3188 | D:5      | Noticed a sky beast
  3190 | D:5      | Noticed an ogre
  3245 | D:6      | Noticed Menkaure
  3252 | D:6      | Killed Menkaure
  3397 | D:6      | Reached skill level 8 in Maces & Flails
  3463 | D:6      | Acquired Trog's third power
  3733 | D:6      | Reached skill level 1 in Shields
  3751 | D:6      | Noticed Edmund
  3778 | D:6      | Killed Edmund
  3809 | D:6      | Noticed Sigmund
  3817 | D:6      | Killed Sigmund
  3819 | D:6      | Reached XP level 9. HP: 54/54 MP: 8/8
  3881 | D:6      | Noticed Dowan
  3901 | D:6      | Noticed Duvessa
  3908 | D:6      | Killed Dowan
  3911 | D:6      | Killed Duvessa
  3911 | D:6      | Reached skill level 9 in Maces & Flails
  3911 | D:6      | Reached skill level 1 in Throwing
  4042 | D:6      | Noticed Ijyb
  4050 | D:6      | Killed Ijyb
  4683 | D:7      | Found a white marble altar of Elyvilon.
  4703 | D:7      | Reached skill level 5 in Armour
  5535 | D:8      | Noticed Joseph
  5558 | D:8      | Killed Joseph
  5558 | D:8      | Reached skill level 10 in Maces & Flails
  5558 | D:8      | Reached XP level 10. HP: 60/60 MP: 9/9
  5644 | D:8      | Reached skill level 5 in Dodging
  5646 | D:8      | Reached skill level 1 in Staves
  5802 | D:8      | Noticed Erolcha
  5829 | D:8      | Killed Erolcha
  6415 | D:9      | Reached skill level 5 in Staves
  6650 | D:9      | Found a basalt altar of Yredelemnul.
  6860 | D:9      | Received a gift from Trog
  6968 | D:10     | Entered Level 10 of the Dungeon
  7023 | D:10     | Reached XP level 11. HP: 59/65 MP: 10/10
  7508 | D:11     | Noticed a hill giant
  7518 | D:11     | Killed a hill giant
  8326 | D:5      | Killed a sky beast
  9267 | D:11     | Noticed an eight-headed hydra
  9277 | D:11     | Killed an eight-headed hydra
  9277 | D:11     | Reached skill level 5 in Throwing
  9535 | D:12     | Noticed a hill giant
  9552 | D:12     | Killed a hill giant
  9552 | D:12     | Reached skill level 11 in Maces & Flails
 10290 | D:13     | Killed an unseen horror
 10476 | D:13     | Reached XP level 12. HP: 53/71 MP: 11/11
 11379 | D:13     | Reached skill level 12 in Maces & Flails
 11580 | D:13     | Killed an unseen horror
 11724 | D:13     | Paralysed by a giant eyeball for 4 turns
 11733 | D:13     | Paralysed by a giant eyeball for 4 turns
 11740 | D:13     | Paralysed by a giant eyeball for 2 turns
 11830 | D:13     | Noticed a seven-headed hydra
 11837 | D:13     | Killed a seven-headed hydra
 12648 | D:10     | Killed an unseen horror
 12825 | D:10     | Found a roughly hewn altar of Beogh.
 12830 | D:10     | Found a staircase to the Orcish Mines.
 12839 | D:10     | Received a gift from Trog
 12854 | D:10     | Got an ancient great mace {god gift}
 12859 | D:10     | Identified the great mace of Cloen {god gift, crush, *Tele +Fly rC+} (Trog gifted it to you on level 10 of the Dungeon)
 13297 | D:10     | Found a staircase to the Lair.
 14559 | D:14     | Entered Level 14 of the Dungeon
 14741 | Lair:1   | Entered Level 1 of the Lair of Beasts
 14860 | Lair:1   | Noticed a five-headed hydra
 14871 | Lair:1   | Killed a five-headed hydra
 14871 | Lair:1   | Reached skill level 13 in Maces & Flails
 14871 | Lair:1   | Reached skill level 5 in Stealth
 14871 | Lair:1   | Reached XP level 13. HP: 57/77 MP: 12/12
 15185 | Lair:1   | Noticed a five-headed hydra
 15197 | Lair:1   | Killed a five-headed hydra
 16734 | Lair:3   | Found a staircase to the Snake Pit.
 16936 | Lair:3   | Found a staircase to the Shoals.
 17331 | Lair:3   | Got a heavily runed buckler
 17332 | Lair:3   | Identified the +1 buckler of Fraas {Str+3 Dex+2} (You found it on level 3 of the Lair of Beasts)
 17886 | Snake:1  | Entered Level 1 of the Snake Pit
 17931 | Snake:1  | Slain by a naga warrior

Action                   |  1- 3 |  4- 6 |  7- 9 | 10-12 | 13-15 || total
-------------------------+-------+-------+-------+-------+-------++-------
Melee: Mace              |    95 |    82 |   285 |   967 |   475 ||  1904
       Quarterstaff      |       |       |       |   313 |       ||   313
       Great mace        |       |       |       |    15 |       ||    15
Throw: Dart              |       |       |     6 |    42 |     1 ||    49
Invok: Berserk           |       |     3 |     4 |    18 |     4 ||    29
       Trog's Hand       |       |       |       |     4 |       ||     4
       Brothers in Arms  |       |       |       |     4 |       ||     4
       Burn Spellbooks   |       |       |       |     2 |       ||     2
Evoke: Wand              |       |     3 |     2 |     5 |       ||    10
  Use: Scroll            |     4 |     1 |    11 |    21 |     1 ||    38
       Potion            |       |       |     9 |     5 |     1 ||    15
 Stab: Sleeping          |       |       |     1 |       |       ||     1
